 Dungeon Crawl Stone Soup version 0.30-a0-42-g806c11bf1d (webtiles) character file.

Game seed: 15385415345564586195

1796 Nattfarinn the Magician (level 9, 0/54 HPs)
             Began as a Gargoyle Venom Mage on Aug 30, 2022.
             Slain by a gnoll
             ... wielding a +0 vorpal spear
              (2 damage)
             ... on level 7 of the Dungeon.
             The game lasted 00:18:17 (8655 turns).

Nattfarinn the Magician (Gargoyle Venom Mage)       Turns: 8655, Time: 00:18:18

Health: 0/54       AC:  0    Str: 18    XL:     9   Next: 9%
Magic:  0/19       EV: 11    Int: 20    God:
Gold:   223        SH:  0    Dex: 10    Spells: 11/21 levels left

rFire   . . .      SeeInvis .    d - staff of cold
rCold   + . .      Faith    .    (no shield)
rNeg    + + .      Spirit   +    G - +2 robe {rN+}
rPois   ∞          Reflect  .    (no helmet)
rElec   +          Harm     .    K - +0 cloak
rCorr   .          Rampage  .    (no gloves)
Will    +....                    (no boots)
Stlth   ++........               l - amulet of guardian spirit
HPRegen 0.18/turn                c - ring of willpower
MPRegen 0.16/turn                k - +6 ring of strength

@: corroded
A: sickness immunity, AC +6, negative energy resistance 1, electricity
resistance, torment resistance 1, petrification resistance
a: no special abilities


You were on level 7 of the Dungeon.
You visited 1 branch of the dungeon, and saw 7 of its levels.

You collected 223 gold pieces.

Inventory:

Hand Weapons
 y - a +4 spear
 E - a +2 dagger of speed
Missiles
 A - a throwing net
Armour
 a - a +0 robe
 h - a +0 leather armour
 G - a +2 robe of positive energy (worn)
 K - a +0 cloak (worn)
Magical Staves
 d - a staff of cold (weapon)
Jewellery
 c - a ring of willpower (left hand)
 k - a +6 ring of strength (right hand)
 l - an amulet of guardian spirit (around neck)
 B - a ring of resist corrosion
 L - a ring of positive energy
Wands
 t - a wand of quicksilver (6)
 H - a wand of mindburst (15)
 I - a wand of paralysis (5)
Scrolls
 e - a scroll of immolation
 i - a scroll of magic mapping {unknown}
 m - 3 scrolls of blinking
 n - 3 scrolls of fear
 o - a scroll of amnesia {unknown}
 p - a scroll of noise {unknown}
 r - 2 scrolls of enchant weapon
 v - a scroll of acquirement {unknown}
 w - 5 scrolls of teleportation
 x - a scroll of poison {unknown}
 z - a scroll of silence {unknown}
 F - a scroll of butterflies {unknown}
 J - a scroll of enchant armour {unknown}
Potions
 b - a potion of magic
 f - 3 potions of attraction {unknown}
 g - 4 potions of curing {unknown}
 j - 2 potions of degeneration {unknown}
 q - 2 potions of berserk rage {unknown}
 s - 2 potions of resistance {unknown}
 u - a potion of flight {unknown}
 C - a potion of might {unknown}
 D - 2 potions of cancellation {unknown}
 M - a potion of lignification {unknown}


   Skills:
 + Level 5.0 Fighting
 + Level 5.8 Armour
 - Level 1.5 Dodging
 - Level 2.1 Stealth
 * Level 6.7 Spellcasting
 - Level 0.7 Transmutations
 - Level 6.1 Poison Magic


You had 11 spell levels left.
You knew the following spells:

 Your Spells              Type           Power      Damage    Failure   Level
a - Sting                 Tmut/Pois      80%        1d7       2%          1
b - Olgreb's Toxic Radia  Pois           31%        N/A       8%          4
c - Mephitic Cloud        Conj/Pois/Air  14%        N/A       13%         3
d - Poisonous Vapours     Pois/Air       36%        N/A       4%          2

Your spell library contained the following spells:

 Spells                   Type           Power      Damage    Failure   Level
 Shock                    Conj/Air       24%        1d4       10%         1
 Swiftness                Air            6%         N/A       28%         3
 Corpse Rot               Necr/Pois/Air  14%        N/A       38%         4
 Alistair's Intoxication  Tmut/Pois      13%        N/A       54%         5
 Airstrike                Air            3%         2d(1-17)  67%         4
 Flame Wave               Conj/Fire      6%         2d5       67%         4
 Hailstorm                Conj/Ice       10%        3d5       67%         4


Dungeon Overview and Level Annotations

Branches:
Dungeon (7/15)
 Temple: D:4-7

Altars:
Dithmenos
Gozag
Qazlal
Trog
Uskayaw
Wu Jian
The Shining One

Shops:
D:7 [

Annotations:
D:3 3 runed translucent doors, tjtr's ghost, amateur DsAK
D:4 3 runed translucent doors, fly's ghost, weakling DgDe


Innate Abilities, Weirdness & Mutations

You are immune to sickness and miasma.
Your stone body is resilient. (AC +6)
You are immune to poison.
You resist negative energy. (rN+)
You are resistant to electric shocks. (rElec)
You are resistant to unholy torment.
You are immune to petrification.


Message History

You rip the net and break free!
The jelly hits you but does no damage. The gnoll hits you but does no damage.
You barely miss the jelly.
The jelly is moderately wounded.
The jelly hits you but does no damage. The gnoll misses you.
A gnoll comes into view. It is wielding a +0 vorpal spear.
The gnoll closely misses you. The jelly barely misses you.
The gnoll shouts!
You hit the jelly. The acid corrodes you!
Your hands burn!
The jelly is severely wounded.
The jelly closely misses you. The gnoll closely misses you.
You hit the jelly.
Your hands burn!
The jelly is severely wounded.
The jelly hits you but does no damage. The gnoll barely misses you.
Casting: Olgreb's Toxic Radiance (dangerous; 8% risk of failure)
Confirm with . or Enter, or press ? or * to list all spells.
Okay, then.
The jelly attacks as you move away! The jelly hits you. The acid corrodes you!
You are splashed with acid!
There is an entrance to Ofacagou's Antique Armour Boutique here.
The jelly attacks as you move away! The jelly misses you.
Casting: Olgreb's Toxic Radiance (dangerous; 8% risk of failure)
Confirm with . or Enter, or press ? or * to list all spells.
You begin to radiate toxic energy.
The gnoll is poisoned. x2
The jelly barely misses you. The gnoll barely misses you.
You hit the jelly but do no damage.
Your hands burn!
The jelly is severely wounded.
You kill the gnoll!
Your toxic aura wanes.
The jelly barely misses you.
You barely miss the jelly.
The jelly is severely wounded.
The jelly hits you.
You are splashed with acid!
You hit the jelly but do no damage. The acid corrodes you!
Your hands burn!
The jelly is severely wounded.
The jelly hits you. The acid corrodes you!
You are splashed with acid!
* * * LOW HITPOINT WARNING * * *
The gnoll hits you from afar with a +0 vorpal spear!
* * * LOW HITPOINT WARNING * * *
You die...

.###... .#
#.......####
.......##.#
#.#.#.#...<#
..........#
#.......####
....).....# #####...#
.).)......########.###
#..)....#..####..#
.##..).†)##..##...##
>......).##.....###
.#........gJ@..##
#..........####
#......##..###
#.....)##..###
#.........##
#.#......## #.#......#
########


You could see a jelly and a gnoll (poisoned).

Vanquished Creatures
  Sigmund (D:3)
  A steam dragon (D:6)
  An orc warrior (D:6)
  3 ogres
  3 phantoms
  A scorpion (D:6)
  A bullfrog (D:7)
  A necrophage (D:3)
  A gnoll bouda (D:4)
  3 hounds
  2 orc priests
  2 iguanas (D:5)
  9 orc wizards
  Robin (D:2)
  10 gnolls
  8 adders
  3 worms
  2 dart slugs
  16 orcs
  4 ball pythons
  4 bats
  9 endoplasms
  4 giant cockroaches
  20 goblins
  12 hobgoblins
  3 jackals (D:1)
  5 quokkas
  4 frilled lizards
  3 kobolds
  8 rats
145 creatures vanquished.

Vanquished Creatures (others)
  15 plants (D:4)
15 creatures vanquished.

Grand Total: 160 creatures vanquished

Notes
Turn   | Place    | Note
-------+----------+-------------------------------------------
     0 | D:1      | Nattfarinn the Gargoyle Venom Mage began the quest for the
                  | Orb.
     0 | D:1      | Reached XP level 1. HP: 10/10 MP: 3/3
   141 | D:1      | Reached skill level 1 in Armour
   161 | D:1      | Reached XP level 2. HP: 14/15 MP: 1/5
   236 | D:1      | Got the Guidebook on Envenoming and Concussion
   847 | D:1      | Reached XP level 3. HP: 16/19 MP: 2/6
   913 | D:1      | Found a faded altar of an unknown god.
  1723 | D:2      | Reached XP level 4. HP: 22/24 MP: 0/7
  1961 | D:2      | Noticed Robin
  2052 | D:1      | Learned a level 4 spell: Olgreb's Toxic Radiance
  2593 | D:2      | Killed Robin
  3242 | D:3      | Found a runed translucent gate.
  3244 | D:3      | Found a runed translucent gate.
  3245 | D:3      | Found a runed translucent gate.
  3248 | D:3      | Noticed tjtr's ghost (amateur DsAK)
  3261 | D:3      | Noticed Sigmund
  3275 | D:3      | Killed Sigmund
  3276 | D:3      | Reached skill level 5 in Poison Magic
  3276 | D:3      | Reached XP level 5. HP: 17/28 MP: 2/8
  3276 | D:3      | Reached XP level 6. HP: 20/32 MP: 2/9
  3913 | D:3      | Found a stormy altar of Qazlal.
  4474 | D:4      | Reached skill level 1 in Fighting
  4542 | D:4      | Found a bloodstained altar of Trog.
  4682 | D:3      | Reached XP level 7. HP: 29/38 MP: 9/12
  4976 | D:4      | Found a runed translucent gate.
  4976 | D:4      | Found a runed translucent gate.
  4976 | D:4      | Found a runed translucent gate.
  4977 | D:4      | Noticed fly's ghost (weakling DgDe)
  5092 | D:4      | Found Veeliner's Assorted Antiques.
  5278 | D:4      | Found a hide-covered altar of Uskayaw.
  5426 | D:5      | Entered Level 5 of the Dungeon
  5434 | D:5      | Found an ornate altar of the Wu Jian Council.
  5836 | D:5      | Learned a level 3 spell: Mephitic Cloud
  5863 | D:5      | Learned a level 2 spell: Poisonous Vapours
  6035 | D:5      | Found an opulent altar of Gozag.
  6177 | D:5      | Reached XP level 8. HP: 27/46 MP: 6/15
  6604 | D:6      | Reached skill level 5 in Spellcasting
  7399 | D:6      | Found a shadowy altar of Dithmenos.
  7419 | D:6      | Reached skill level 5 in Armour
  8231 | D:6      | Found a glowing golden altar of the Shining One.
  8613 | D:7      | Found Ofacagou's Antique Armour Boutique.
  8633 | D:7      | Reached XP level 9. HP: 52/52 MP: 8/18
  8641 | D:7      | Reached skill level 5 in Fighting
  8655 | D:7      | HP: 2/54 [gnoll/+0 vorpal spear (10)]
  8655 | D:7      | Slain by a gnoll

Illustrated notes

Levels and vault maps discovered:
D:1:      mrwooster_arrival_statue_3, layout_rooms,
          shapermc_ecumenical_altar_mp_vishouse
D:2:      layout_basic, serial_forest, infiniplex_forest_lined_2,
          infiniplex_forest_clump_diagonal, infiniplex_forest_straight_4,
          infiniplex_forest_straight_2, infiniplex_forest_lined_corner,
          chequers_serial_rivers_small_3, hangedman_decor_points, uniq_robin
D:3:      layout_loops_ring, nicolae_qazlal_scattered_showers,
          gammafunk_ghost_necromancy, uniq_sigmund
D:4:      layout_basic, mainiacjoe_overflow_tiny_flanked,
          nicolae_uskayaw_suspiria, serial_shops,
          nicolae_shop_competitors_out_of_business, ebering_ghost_rock_garden,
          serial_bayou_lagoon_b
D:5:      layout_rooms, nzn_wu_jian_contemplation, grunt_gozag_breadcrumbs
D:6:      layout_loops_corners, lemuel_doored_altar,
          nicolae_overflow_crystal_walls, uniq_maggie
D:7:      kennysheep_steamy, layout_basic, minmay_temple_entry_glass,
          serial_shops, nicolae_square_shop, serial_co_window_serial,
          co_window_corner_a, co_window_paths_b, co_window_paths_a,
          co_window_corner_a, co_window_paths_a, co_window_broadway_c,
          co_window_broadway_b, co_window_paths_c, co_window_broadway_a,
          co_window_corner_b, co_window_of_opportunity_b, glass_columns_a,
          glass_columns_b, glass_columns_a, glass_columns_b, glass_columns_a

Skill      XL: |  1  2  3  4  5  6  7  8  9 |
---------------+----------------------------+-----
Armour         | 1 2 3 4 5 |  5.8
Poison Magic   | 5 6 |  6.1
Spellcasting   | 3 4 6 |  6.7
Fighting       | 1 3 4 5 |  5.0
Dodging        | |  1.5
Stealth        | |  2.1
Transmutations | |  0.7

Action                   |  1- 3 |  4- 6 |  7- 9 || total
-------------------------+-------+-------+-------++-------
Melee: Staff             |    37 |    77 |   183 ||   297
       Punch             |       |       |     1 ||     1
 Cast: Sting             |    69 |   106 |    55 ||   230
       Olgreb's Toxic Ra |       |     3 |    14 ||    17
       Poisonous Vapours |       |       |    12 ||    12
       Mephitic Cloud    |       |       |     3 ||     3
  Use: Scroll            |       |       |     5 ||     5
Armor: Robe              |     5 |       |   127 ||   132
       Leather armour    |    18 |    54 |     4 ||    76
Dodge: Dodged            |    65 |    88 |    96 ||   249

Table legend: (Time is in decaauts)
 A = Elapsed time spent in this place.
 B = Non-inter-level travel time spent in this place.
 C = Inter-level travel time spent in this place.
 D = Time resting spent in this place.
 E = Time spent auto-exploring this place.
 F = Levels seen in this place.
 G = Mean time per level.
                   A        B        C        D        E       F      G
               +--------+--------+--------+--------+--------+-----+--------+
         Total |   8737 |   8407 |    330 |    906 |   6178 |   7 | 1248.1 |
       Dungeon |   8737 |   8407 |    330 |    906 |   6178 |   7 | 1248.1 |
               +--------+--------+--------+--------+--------+-----+--------+

Top non-repeatable levels by time:
     D:6: 2037 daAuts
     D:2: 1782 daAuts
     D:3: 1483 daAuts
     D:5: 1175 daAuts
     D:1: 1155 daAuts
     D:4: 1051 daAuts
     D:7: 51 daAuts
